 Dungeon Crawl Stone Soup version 0.27.0-1-g7a089689b8 (webtiles) character file.

Game seed: 5055644800788406562

143 ZARRMARR the Chopper (level 5, -1/47 HPs)
             Began as a Hill Orc Monk on Aug 5, 2021.
             Slain by an orc wizard (2 damage)
             ... on level 3 of the Dungeon.
             The game lasted 00:10:27 (2981 turns).

ZARRMARR the Chopper (Hill Orc Monk)                Turns: 2981, Time: 00:10:27

Health: -1/47      AC:  6    Str: 15    XL:     5   Next: 25%
Magic:  5/5        EV: 12    Int: 10    God:
Gold:   144        SH:  0    Dex: 13    Spells: 1/4 levels left

rFire    . . .     SeeInvis .   c - staff of air
rCold    + . .     Faith    .   (no shield)
rNeg     . . .     Spirit   .   b - +0 robe
rPois    .         Reflect  .   (no helmet)
rElec    +         Harm     .   (no cloak)
rCorr    .         Rampage  .   (no gloves)
Will     .....                  (no boots)
Stlth    +.........             (no amulet)
HPRegen  0.15/turn              f - +4 ring of protection
MPRegen  0.09/turn              g - ring of protection from cold

@: confused
A: no striking features
a: no special abilities


You were on level 3 of the Dungeon.
You visited 1 branch of the dungeon, and saw 3 of its levels.

You collected 144 gold pieces.

Inventory:

Hand Weapons
 a - a +0 hand axe
Missiles
 h - 2 boomerangs (quivered)
 k - 18 poisoned darts
 l - 58 stones
Armour
 b - a +0 robe (worn)
Magical Staves
 c - a staff of air (weapon)
Jewellery
 f - a +4 ring of protection (left hand)
 g - a ring of protection from cold (right hand)
Potions
 d - a potion of mutation {unknown}
 e - 3 potions of flight {unknown}
 i - 2 potions of heal wounds {unknown}
 j - a potion of curing {unknown}
 m - 2 potions of cancellation {unknown}


   Skills:
 + Level 4.4 Fighting
 + Level 5.2 Axes
 + Level 1.3 Throwing
 + Level 3.0 Dodging
 + Level 2.4 Stealth


You had one spell level left.
You knew the following spells:

 Your Spells              Type           Power      Damage    Failure   Level
a - Swiftness             Air            0%         N/A       75%         3

Your spell library contained the following spells:

 Spells                   Type           Power      Damage    Failure   Level
 Magic Dart               Conj           0%         1d3       36%         1
 Shock                    Conj/Air       0%         1d3       36%         1
 Call Imp                 Summ           0%         N/A       50%         2
 Sublimation of Blood     Necr           0%         N/A       50%         2
 Mephitic Cloud           Conj/Pois/Air  0%         N/A       75%         3
 Airstrike                Air            0%         N/A       98%         4
 Petrify                  Tmut/Erth      0%         N/A       98%         4
 Irradiate                Conj/Tmut      0%         3d14      100%        5


Dungeon Overview and Level Annotations

Branches:
Dungeon (3/15)

Altars:


Message History

You hear some strange, mumbled words.
A magic dart appears from out of thin air!
The magic dart hits you!
* * * LOW HITPOINT WARNING * * *
You closely miss something. Something hits you but does no damage.
You feel less confused. Something hits you but does no damage.
Things that are here:
a +0 flail; a +0 leather armour You closely miss something.
Something hits you but does no damage. Something barely misses you.
You completely miss something.
You hear some strange, mumbled words.
A puff of flame appears from out of thin air!
The puff of flame hits you.
* * * LOW HITPOINT WARNING * * *
You closely miss something. Something hits you.
* * * LOW HITPOINT WARNING * * *
You miss something.
An orc wizard appears from thin air!
Reactivating autopickup.
The orc wizard closely misses you.
You miss the orc wizard.
The orc wizard is severely wounded.
The orc wizard mumbles some strange words.
The orc wizard flickers and vanishes!
Deactivating autopickup; reactivate with Ctrl-A.
You hit something.
Something hits you but does no damage. x2
You barely miss something.
You hear some strange, mumbled words.
A puff of flame appears from out of thin air!
The puff of flame misses you.
You hit something.
You hear some strange, mumbled words.
You are confused.
You hear some strange, mumbled words.
A puff of flame appears from out of thin air!
The puff of flame hits you.
* * * LOW HITPOINT WARNING * * *
Something hits you.
You die...

####
####################...
#.................##...
#......)..........##...
#.....@{..........##...
#########.........##...
#.........##...
#.........#####
###########.........#####
#>........'.........'....
#.###....##.........#..##
#.# #....##.........##'##
#.# #....############....


There were no monsters in sight!

Vanquished Creatures
  An orc priest (D:3)
  Terence (D:2)
  A gnoll (D:1)
  2 adders
  A worm (D:3)
  3 dart slugs
  3 orcs (D:3)
  8 ball pythons
  3 endoplasms (D:1)
  4 giant cockroaches
  A goblin (D:3)
  A hobgoblin (D:1)
  5 kobolds
  2 quokkas (D:1)
  8 bats
  2 frilled lizards
  5 rats
51 creatures vanquished.

Vanquished Creatures (others)
  A fungus (D:1)
  2 plants (D:1)
3 creatures vanquished.

Grand Total: 54 creatures vanquished

Notes
Turn   | Place    | Note
-------+----------+-------------------------------------------
     0 | D:1      | ZARRMARR the Hill Orc Monk began the quest for the Orb.
     0 | D:1      | Reached XP level 1. HP: 19/19 MP: 1/1
   115 | D:1      | Reached XP level 2. HP: 4/27 MP: 2/2
   486 | D:1      | Reached XP level 3. HP: 21/33 MP: 3/3
   864 | D:1      | Found a faded altar of an unknown god.
  1376 | D:2      | Noticed Terence
  1391 | D:2      | Killed Terence
  1392 | D:2      | Reached skill level 5 in Axes
  1392 | D:2      | Reached XP level 4. HP: 31/41 MP: 4/4
  2447 | D:3      | Learned a level 3 spell: Swiftness
  2649 | D:3      | Reached skill level 1 in Throwing
  2932 | D:3      | Reached XP level 5. HP: 47/47 MP: 5/5
  2980 | D:3      | HP: 1/47 [something/puff of flame (3)]
  2981 | D:3      | Slain by an orc wizard

Illustrated notes

Levels and vault maps discovered:
D:1:      dpeg_arrival_erosion, layout_rooms,
          shapermc_ecumenical_altar_mp_urbaneastern
D:2:      layout_loops_ring, nrook_mini_vaults, solitary_fountain, uniq_terence
D:3:      layout_basic, kennysheep_generic_room_3

Skill      XL: |  1  2  3  4 |
---------------+-------------+-----
Fighting       | 4 |  4.4
Axes           | 5 |  5.2
Dodging        | 3 |  3.0
Stealth        | 2 |  2.4
Throwing       | 1 |  1.3

Action                   |  1- 3 |  4- 6 || total
-------------------------+-------+-------++-------
Melee: Hand axe          |   101 |    41 ||   142
       Staff             |       |    49 ||    49
Throw: Boomerang         |    22 |    19 ||    41
  Use: Scroll            |       |     4 ||     4
 Stab: Sleeping          |     3 |     3 ||     6
Armor: Robe              |    35 |    49 ||    84
Dodge: Dodged            |    56 |    44 ||   100
